 Dungeon Crawl Stone Soup version 0.26-a0-830-g2a559e7be2 (webtiles) character file.

Game seed: 13765729775284707901

1336 Riddle the Cruncher (level 8, -1/106 HPs)
             Began as a Black Draconian Gladiator on Nov 15, 2020.
             Was an Initiate of Qazlal.
             Slain by a killer bee (6 damage)
             ... in the Ecumenical Temple.
             The game lasted 00:05:16 (6376 turns).

Riddle the Cruncher (Black Draconian Gladiator)     Turns: 6376, Time: 00:05:17

Health: -1/106     AC: 24    Str: 16    XL:     8   Next: 35%
Magic:  8/8        EV:  2    Int: 10    God:    Qazlal [......]
Gold:   31         SH:  0    Dex: 14    Spells: 7/7 levels left

rFire    + . .     SeeInvis .   a - +0 quarterstaff
rCold    + + .     Faith    .   (shield currently unavailable)
rNeg     + + +     Spirit   .   (armour unavailable)
rPois    +         Reflect  .   (helmet currently unavailable)
rElec    +         Harm     .   (cloak currently unavailable)
rCorr    +         Rampage  .   (gloves currently unavailable)
MR       .....     NoTele   +   (boots currently unavailable)
Stlth    +.........             v - amulet of the acrobat
HPRegen  0.27/turn              d - ring of resist corrosion
MPRegen  0.11/turn              e - ring of protection from cold

@: confused, lethally poisoned (-1 -> -3), short of breath, tree-form,
resistant, attractive
A: (breathe lightning), unfitting armour, AC +6
a: Renounce Religion


You were in the Ecumenical Temple.
You worshipped Qazlal.
Qazlal was noncommittal.
You were a tree.
You visited 2 branches of the dungeon, and saw 8 of its levels.

You collected 199 gold pieces.
You spent 168 gold pieces at shops.

Inventory:

Hand Weapons
 a - a +0 quarterstaff (weapon)
Missiles
 c - 3 throwing nets (quivered)
Armour
 b - a +0 hat (melded)
 z - a +0 pair of gloves (melded)
Jewellery
 d - a ring of resist corrosion (left branch)
 e - a ring of protection from cold (right branch)
 v - an amulet of the acrobat (around neck)
Wands
 x - a wand of paralysis (16)
Scrolls
 f - a scroll of fog {unknown}
 j - 6 scrolls of teleportation {unknown}
 k - 5 scrolls of remove curse {unknown}
 l - 8 scrolls of identify
 m - 3 scrolls of enchant armour {unknown}
 o - a scroll of fear {unknown}
 q - 3 scrolls of amnesia {unknown}
 r - 3 scrolls of enchant weapon {unknown}
 t - 2 scrolls of magic mapping {unknown}
 y - a scroll of immolation {unknown}
Potions
 h - a potion of berserk rage {unknown}
 i - a potion of attraction
 n - a potion of brilliance {unknown}
 p - a potion of lignification
 s - 2 potions of resistance
 u - a potion of mutation {unknown}


   Skills:
 + Level 6.8 Fighting
 * Level 8.9 Staves
 - Level 1.7 Throwing
 - Level 2.6 Dodging


You had 7 spell levels left.
You didn't know any spells.
Your spell library was empty.

Dungeon Overview and Level Annotations

Branches:
Dungeon (7/15)             Temple (1/1) D:7

Altars:
Ashenzari
Cheibriados
Dithmenos
Elyvilon
Fedhas
Gozag
Hepliaklqana
Kikubaaqudgha
Makhleb
Nemelex Xobeh
Okawaru
Qazlal
Ru
Sif Muna
Trog
Uskayaw
Vehumet
Wu Jian
Xom
Yredelemnul
Zin
The Shining One

Shops:
D:6 }

Annotations:
D:4 Dowan, Duvessa, Pikel
D:7 Joseph


Innate Abilities, Weirdness & Mutations

((You can breathe wild blasts of lightning.))
((Your glossy black scales are hard. (AC +6)))
You cannot fit into any form of body armour.
((You are resistant to electric shocks. (rElec)))
((You are cold-blooded and may be slowed by cold attacks.))


Message History

The killer bee stings you.
* * * LOW HITPOINT WARNING * * *
The killer bee stings you.
* * * LOW HITPOINT WARNING * * *
Unknown command.
It was a potion of lignification.
You turn into a tree.
Your +0 hat melds into your body.
Your +0 pair of gloves melds into your body.
Your roots penetrate the ground.
* * * LOW HITPOINT WARNING * * *
You feel sick.
The killer bee stings you but does no damage. x2
It was a potion of flight.
Your roots keep you in place.
The killer bee barely misses you.
The killer bee stings you but does no damage.
Unknown command.
It was a potion of ambrosia.
You are confused.
You feel invigorated.
You feel sick. The killer bee stings you.
You die...

#..._...#.......#####
#.#...#.#...........###
....⌠#...#............### ##
._....._.......###......### ###.
...#⌠....#...##...##......####...
#.#...#.#...#.......#............
#..._...#...#.......#............
.##...##...#....y....#...........
...#.#.....#....♣....#.....#.#...
...........#.........#...##...##.
............#.......#...#..._...#
............#.......#...#.#...#.#
...####......##...##...#....⌠#...
.### ###......###......._....._.
## ###............#...#⌠....
###...........#.#...#.#
#####.......#..._...#


You could see a killer bee.

Vanquished Creatures
  Menkaure (D:6)
  2 phantoms
  An ogre (D:5)
  2 centaurs
  A scorpion (D:6)
  3 killer bees
  3 bullfrog zombies (D:5)
  2 hounds
  A jelly (D:7)
  An orc priest (D:6)
  An iguana (D:3)
  Natasha (twice) (D:2)
  Terence (D:2)
  2 orc wizards (D:3)
  A worker ant (D:5)
  A hound skeleton (D:5)
  3 gnolls (D:3)
  A howler monkey skeleton (D:5)
  4 adders
  2 oozes
  3 adder skeletons
  4 worms
  A dart slug (D:2)
  2 leopard geckos
  13 orcs
  A ball python (D:2)
  5 giant cockroaches
  6 goblins
  8 hobgoblins
  9 jackals
  9 kobolds
  2 quokkas
  8 bats
  5 frilled lizards
  2 rats (D:3)
113 creatures vanquished.

Notes
Turn   | Place    | Note
-------+----------+-------------------------------------------
     0 | D:1      | Riddle the Draconian Gladiator began the quest for the Orb.
     0 | D:1      | Reached XP level 1. HP: 17/17 MP: 1/1
   291 | D:1      | Reached XP level 2. HP: 22/25 MP: 2/2
   864 | D:2      | Noticed Terence
   876 | D:2      | Killed Terence
   877 | D:2      | Reached skill level 4 in Staves
   877 | D:2      | Reached XP level 3. HP: 25/31 MP: 3/3
  1160 | D:2      | Found a faded altar of an unknown god.
  1393 | D:2      | Reached XP level 4. HP: 28/38 MP: 4/4
  1483 | D:2      | Noticed Natasha
  1495 | D:2      | Killed Natasha
  1815 | D:2      | Noticed Natasha
  1820 | D:2      | Killed Natasha
  1909 | D:3      | Reached skill level 5 in Staves
  1923 | D:3      | Reached XP level 5. HP: 46/46 MP: 5/5
  2651 | D:3      | Reached XP level 6. HP: 48/53 MP: 6/6
  3081 | D:4      | Found a snail-covered altar of Cheibriados.
  3092 | D:4      | Found an opulent altar of Gozag.
  3148 | D:4      | Noticed Pikel
  3182 | D:5      | Entered Level 5 of the Dungeon
  3201 | D:5      | Reached skill level 6 in Staves
  3264 | D:5      | Found a shimmering altar of Xom.
  3265 | D:5      | Found a shadowy altar of Dithmenos.
  3491 | D:4      | Noticed Duvessa
  3492 | D:4      | Noticed Dowan
  3803 | D:5      | Reached skill level 5 in Fighting
  3957 | D:5      | Your scales start taking on a glossy black colour.
  3957 | D:5      | Reached XP level 7. HP: 58/61 MP: 7/7
  3957 | D:5      | Gained mutation: You are resistant to electric shocks.
                  | (rElec) [Black Draconian growth]
  4076 | D:5      | Found an iron altar of Okawaru.
  4121 | D:5      | Found a glowing silver altar of Zin.
  4537 | D:6      | Reached skill level 7 in Staves
  5198 | D:6      | Found Meugriuwu's Gadget Emporium.
  5199 | D:6      | Noticed Menkaure
  5205 | D:6      | Killed Menkaure
  5206 | D:6      | Reached skill level 8 in Staves
  5338 | D:6      | Reached XP level 8. HP: 66/70 MP: 8/8
  5434 | D:6      | Bought a wand of paralysis (10) for 168 gold pieces
  5650 | D:7      | Found a staircase to the Ecumenical Temple.
  5677 | Temple   | Entered the Ecumenical Temple
  6095 | Temple   | Became a worshipper of Qazlal Stormbringer
  6123 | D:7      | Noticed Joseph
  6373 | Temple   | HP: 2/71 [killer bee (4)]
  6376 | Temple   | Slain by a killer bee

Illustrated notes

Levels and vault maps discovered:
D:1:      dpeg_arrival_shrine, layout_rooms
D:2:      layout_loops_ring, chequers_ecumenical_altar_island,
          minmay_misc_feat_hallway, uniq_terence, uniq_natasha
D:3:      layout_loops_cross, kennysheep_generic_room_13
D:4:      layout_rooms, cheibriados_altar_1, kennysheep_little_box, uniq_pikel,
          uniq_duvessa
D:5:      layout_basic, general_overflow_altar, zin_academy,
          gammafunk_temple_overflow_pools
D:6:      layout_rooms, serial_shops, kennysheep_mini,
          minmay_misc_feat_nine_boxes, uniq_menkaure
D:7:      layout_gridville, minmay_temple_entry_grid, serial_rivers,
          chequers_serial_rivers_micro_c, chequers_serial_rivers_small_b,
          chequers_serial_rivers_small_3, chequers_serial_rivers_micro_b,
          chequers_serial_rivers_micro_b, hex_large, uniq_harold, uniq_joseph
Temple:   regret_index_temple_sphere_string

Skill      XL: |  1  2  3  4  5  6  7 |
---------------+----------------------+-----
Fighting       | 3 4 5 6 |  6.8
Staves         | 4 5 6 8 |  8.9
Throwing       | |  1.7
Dodging        | |  2.6

Action                   |  1- 3 |  4- 6 |  7- 9 || total
-------------------------+-------+-------+-------++-------
Melee: Quarterstaff      |    90 |   203 |   141 ||   434
       Tailslap          |     4 |    31 |    14 ||    49
 Abil: Breathe Lightning |       |       |     8 ||     8
  Use: Potion            |       |       |     5 ||     5
       Scroll            |       |       |     1 ||     1
 Stab: Sleeping          |       |     1 |     1 ||     2
Armor: Skin              |    29 |    54 |    44 ||   127
Dodge: Dodged            |    68 |   118 |   119 ||   305

Table legend: (Time is in decaauts)
 A = Elapsed time spent in this place.
 B = Non-inter-level travel time spent in this place.
 C = Inter-level travel time spent in this place.
 D = Time resting spent in this place.
 E = Time spent auto-exploring this place.
 F = Levels seen in this place.
 G = Mean time per level.
                   A        B        C        D        E       F      G
               +--------+--------+--------+--------+--------+-----+--------+
         Total |   6392 |   6210 |    182 |    955 |   4312 |   8 |  799.0 |
       Dungeon |   5716 |   5601 |    115 |    524 |   4175 |   7 |  816.6 |
        Temple |    676 |    609 |     67 |    431 |    137 |   1 |  676.0 |
               +--------+--------+--------+--------+--------+-----+--------+

Top non-repeatable levels by time:
     D:5: 1395 daAuts
     D:2: 1351 daAuts
     D:3: 1197 daAuts
     D:6: 854 daAuts
  Temple: 676 daAuts
     D:1: 558 daAuts
     D:7: 232 daAuts
     D:4: 128 daAuts
